 Dungeon Crawl Stone Soup version 0.24-a0-586-g8e0e932a4c (webtiles) character file.

Game seed: 14466205298459032107, levelgen mode: deterministic

177 MenacingMecha the Ruffian (level 5, -2/48 HPs)
             Began as a Troll Warper on Sept 7, 2019.
             Slain by a gnoll
             ... wielding a +0 halberd
              (11 damage)
             ... on level 3 of the Dungeon.
             The game lasted 00:04:20 (1683 turns).

MenacingMecha the Ruffian (Troll Warper)            Turns: 1683, Time: 00:04:21

Health: -2/48      AC:  6    Str: 19    XL:     5   Next: 31%
Magic:  6/6        EV: 10    Int:  9    God:
Gold:   66         SH:  0    Dex: 10    Spells: 5/7 levels left

rFire    . . .     SeeInvis .     - Unarmed
rCold    . . .     Gourm    +   (no shield)
rNeg     . . .     Faith    .   a - +0 robe
rPois    .         Spirit   .   (helmet restricted)
rElec    .         Reflect  .   (no cloak)
rCorr    .         Harm     .   (gloves unavailable)
MR       .....                  (boots unavailable)
Stlth    +.........             (no amulet)
HPRegen  0.56/turn              (no ring)
MPRegen  0.10/turn              (no ring)

@: no status effects
A: large, unfitting armour, claws 3, fast metabolism 3, gourmand, regeneration
1, shaggy fur 1, tough skin 3
a: no special abilities


You were on level 3 of the Dungeon.
You were completely stuffed.

You visited 1 branch of the dungeon, and saw 3 of its levels.

You collected 66 gold pieces.

Inventory:

Hand Weapons
 g - a +0 club
   (You took it off a hobgoblin on level 1 of the Dungeon)
Missiles
 d - 5 boomerangs of dispersal
 i - 54 stones (quivered)
 l - 31 poisoned darts
 s - 5 curare-tipped darts
 w - 5 boomerangs
Armour
 a - a +0 robe (worn)
Magical Staves
 v - an uncursed staff of conjuration {unknown}
   (You found it on level 3 of the Dungeon)
Wands
 r - a wand of flame (22)
   (You took it off Jessica on level 2 of the Dungeon)
Scrolls
 c - a scroll of blinking
 e - 5 scrolls of identify {unknown}
 h - a scroll of magic mapping {unknown}
 j - a scroll of random uselessness {unknown}
 k - a scroll of fear {unknown}
 m - a scroll of amnesia {unknown}
 o - a scroll of enchant weapon {unknown}
 q - 3 scrolls of immolation {unknown}
 t - a scroll of noise {unknown}
 u - 2 scrolls of remove curse {unknown}
Potions
 b - 2 potions of heal wounds {unknown}
 n - a potion of curing {unknown}
 x - 2 potions of flight {unknown}
Comestibles
 f - 5 rations
 p - a chunk of flesh


   Skills:
 - Level 1.5 Fighting
 - Level 0.8 Throwing
 - Level 1.9 Dodging
 + Level 4.8 Unarmed Combat
 + Level 1.7 Spellcasting
 + Level 2.6 Translocations


You had 5 spell levels left.
You knew the following spells:

 Your Spells              Type           Power        Failure   Level  Hunger
b - Blink                 Tloc           N/A          19%         2    ###....

Your spell library contained the following spells:

 Spells                   Type           Power        Failure   Level  Hunger
 Shroud of Golubria       Chrm/Tloc      #.....       30%         2    ###....
 Gell's Gravitas          Tloc           #.........   34%         3    ####...
 Lesser Beckoning         Tloc           #.........   34%         3    ####...
 Teleport Other           Tloc           #.......     34%         3    ####...
 Passage of Golubria      Tloc           N/A          75%         4    #####..


Dungeon Overview and Level Annotations

Branches:
Dungeon (3/15)

Altars:

Annotations:
D:3 3 runed translucent doors, bmj180's ghost, novice HOFi


Innate Abilities, Weirdness & Mutations

You are too large for most types of armour.
You have claws for hands.
Your metabolism is lightning-fast.
You like to eat raw meat.
Your natural rate of healing is unusually fast.
You are covered in fur. (AC +1)
You have extremely tough skin. (AC +3)


Message History

No target in view!
No target in view!
No target in view!
No target in view!
No target in view!
No target in view!
No target in view!
No target in view!
You see here a +0 club.
x - 2 dark potions (gained 1)
Found a stone staircase leading down.
You now have 63 gold pieces (gained 6).
f - 5 rations (gained 1)
A hobgoblin comes into view.
The hobgoblin shouts!
The hobgoblin closely misses you.
You claw the hobgoblin!
You kill the hobgoblin!
No target in view!
No target in view!
No target in view!
No target in view!
No target in view!
No target in view!
No target in view!
No target in view!
No target in view!
No target in view!
No target in view!
No target in view!
No target in view!
No target in view!
No target in view!
No target in view!
No target in view!
e - 5 scrolls labeled DEJEOH LORISU (gained 1)
You now have 66 gold pieces (gained 3).
Eating one of 2 chunks of flesh.
You eat one of the 2 chunks of flesh.
This raw flesh tastes great.
As you open the door, it creaks loudly!
There is an open door here.
Things that are here:
a cursed -1 club; an orc skeleton A gnoll comes into view.
It is wielding a +0 spear.
A gnoll comes into view. It is wielding a +0 halberd.
The gnoll shouts! x2
A gnoll comes into view.
The gnoll shouts!
The gnoll hits you from afar with a +0 spear.
The gnoll hits you from afar with a +0 halberd!
You scratch the gnoll.
The gnoll is moderately wounded.
The gnoll closely misses you.
You claw the gnoll!
The gnoll is almost dead.
The gnoll hits you from afar with a +0 halberd.
The gnoll hits you with a +0 spear. The gnoll closely misses you.
You are too injured to fight recklessly!
You are too injured to fight recklessly!
You are too injured to fight recklessly!
You are too injured to fight recklessly!
You are too injured to fight recklessly!
You are too injured to fight recklessly!
You are too injured to fight recklessly!
You are too injured to fight recklessly!
You are too injured to fight recklessly!
You are too injured to fight recklessly!
You are too injured to fight recklessly!
You are too injured to fight recklessly!
You are too injured to fight recklessly!
You are too injured to fight recklessly!
You are too injured to fight recklessly!
You are too injured to fight recklessly!
You are too injured to fight recklessly!
You are too injured to fight recklessly!
You are too injured to fight recklessly!
You are too injured to fight recklessly!
You are too injured to fight recklessly!
You are too injured to fight recklessly!
You are too injured to fight recklessly!
You are too injured to fight recklessly!
You are too injured to fight recklessly!
You are too injured to fight recklessly!
You are too injured to fight recklessly!
You are too injured to fight recklessly!
You are too injured to fight recklessly!
You are too injured to fight recklessly!
You barely miss the gnoll. You claw the gnoll.
You kill the gnoll!
The gnoll hits you from afar with a +0 halberd!
* * * LOW HITPOINT WARNING * * *
You scratch the gnoll but do no damage. The gnoll closely misses you.
The gnoll closely misses you. The gnoll hits you with a +0 halberd.
* * * LOW HITPOINT WARNING * * *
You barely miss the gnoll. The gnoll hits you.
* * * LOW HITPOINT WARNING * * *
You scratch the gnoll.
The gnoll is moderately wounded.
The gnoll completely misses you. The gnoll hits you with a +0 halberd!
You die...

#......# ##.## ########
#..# ###### ##..####
#....# #......#
#....### #.#.##.#
#....#.# #.#..#.#
#....#.# #.#..#.#
#..(g#.# #.##...#####
#####@#.# #.##.>......
#...g.#.####.####.#####
#.###.#......# #.# #.#
#.#.####.# #.# #.#
#.#.# #.# #.#####
#.###.#.####.# #......
#######<#...#......#
#######
#......##.###.######
#......##.# #.#


You could see 2 gnolls.

Vanquished Creatures
  Jessica (D:2)
  A worker ant (D:3)
  3 adders (D:2)
  A gnoll (D:3)
  A dart slug (D:2)
  A worm (D:3)
  3 leopard geckos
  2 orcs (D:3)
  7 bats
  3 giant cockroaches
  7 goblins
  9 hobgoblins
  10 jackals
  7 frilled lizards
  12 kobolds
  12 rats
80 creatures vanquished.

Vanquished Creatures (others)
  2 plants (D:3)
2 creatures vanquished.

Grand Total: 82 creatures vanquished

Notes
Turn   | Place    | Note
-------+----------+-------------------------------------------
     0 | D:1      | MenacingMecha the Troll Warper began the quest for the Orb.
     0 | D:1      | Reached XP level 1. HP: 19/19 MP: 1/1
    88 | D:1      | Reached XP level 2. HP: 27/27 MP: 2/2
   186 | D:1      | Reached skill level 3 in Unarmed Combat
   507 | D:1      | Reached XP level 3. HP: 33/33 MP: 3/3
   868 | D:2      | Learned a level 2 spell: Blink
   888 | D:2      | Reached skill level 4 in Unarmed Combat
   996 | D:2      | Reached XP level 4. HP: 41/41 MP: 4/4
  1142 | D:2      | Noticed Jessica
  1157 | D:2      | Killed Jessica
  1401 | D:3      | Reached XP level 5. HP: 48/48 MP: 6/6
  1466 | D:3      | Found a runed translucent gate.
  1466 | D:3      | Found a runed translucent gate.
  1466 | D:3      | Found a runed translucent gate.
  1467 | D:3      | Noticed bmj180's ghost (novice HOFi)
  1467 | D:3      | Identified the +11 short sword "Tamucyod" {elec, Str+2
                  | Int+3}
  1681 | D:3      | HP: 10/48 [gnoll/+0 halberd (5)]
  1683 | D:3      | Slain by a gnoll

Levels and vault maps discovered:
D:1:      mrwooster_arrival_arrow, layout_basic, serial_bayou_ford_a
D:2:      layout_rooms, kennysheep_generic_room_10, uniq_jessica
D:3:      layout_basic, gammafunk_ghost_nasty_kobolds

Skill      XL: |  1  2  3 |
---------------+----------+-----
Unarmed Combat | 3 4 |  4.8
Fighting       | |  1.5
Throwing       | |  0.8
Dodging        | |  1.9
Spellcasting   | |  1.7
Translocations | |  2.6

Action                   |  1- 3 |  4- 6 || total
-------------------------+-------+-------++-------
Melee: Unarmed           |   126 |    89 ||   215
       Punch             |     1 |     2 ||     3
 Stab: Sleeping          |     1 |       ||     1
  Eat: Chunk             |    15 |     6 ||    21
Armor: Robe              |    68 |    30 ||    98
Dodge: Dodged            |    56 |    59 ||   115

Table legend:
 A = Non-vault XP
 B = Vault XP
 C = Vault XP percentage of total XP
 D = Non-vault monster count
 E = Vault monster count
 F = Vault count percentage of total count
                 A         B        C        D         E       F
            +---------+---------+-------+---------+---------+-------
      Total |     214 |      40 |  15.7 |      77 |       3 |   3.8
            +---------+---------+-------+---------+---------+-------
        D:1 |      45 |       0 |   0.0 |      28 |       0 |   0.0
        D:2 |      86 |      40 |  31.7 |      30 |       3 |   9.1
        D:3 |      83 |       0 |   0.0 |      19 |       0 |   0.0
            +---------+---------+-------+---------+---------+-------

Levels and vault maps discovered:
D:1:      mrwooster_arrival_arrow, layout_basic, serial_bayou_ford_a
D:2:      layout_rooms, kennysheep_generic_room_10, uniq_jessica
D:3:      layout_basic, gammafunk_ghost_nasty_kobolds

Table legend:
 A = Turns spent in this place as a percentage of turns spent in the entire game.
 B = Non-inter-level travel turns spent in this place as a percentage of non-inter-level travel turns spent in the entire game.
 C = Inter-level travel turns spent in this place as a percentage of turns spent in this place.
 D = Turns resting spent in this place as a percentage of non-inter-level travel turns spent in this place.
 E = Turns spent auto-exploring this place as a percentage of non-inter-level travel turns spent in this place.
 F = Non-inter-level travel turns spent in this place divided by the number of levels of this place that you've seen.
                   A       B       C       D       E      F
               +-------+-------+-------+-------+-------+----------------------
         Total | 100.0 | 100.0 |   1.9 |   1.2 |  62.4 | 550.3
       Dungeon | 100.0 | 100.0 |   1.9 |   1.2 |  62.4 | 550.3
               +-------+-------+-------+-------+-------+----------------------

Table legend:
 A = Kills in this place as a percentage of kills in entire the game.
 B = Kills by you in this place as a percentage of kills by you in the entire game.
 C = Kills by friends in this place as a percentage of kills by friends in the entire game.
 D = Other kills in this place as a percentage of other kills in the entire game.
 E = Experience gained in this place as a percentage of experience gained in the entire game.
 F = Experience gained in this place divided by the number of levels of this place that you have seen.
                   A       B       C       D       E      F
               +-------+-------+-------+-------+-------+----------------------
         Total | 100.0 | 100.0 |   N/A |   N/A | 100.0 |  84.7
       Dungeon | 100.0 | 100.0 |   N/A |   N/A | 100.0 |  84.7
               +-------+-------+-------+-------+-------+----------------------
